[Event "ESP-chT Honor Division 2022"]
[Site "Linares"]
[Date "2022.09.17"]
[Round "1.1"]
[White "Eljanov, Pavel"]
[Black "Shirov, Alexei"]
[Result "1-0"]
[ECO "A11"]
[WhiteElo "2695"]
[BlackElo "2673"]
[Annotator "ChessBase"]
[PlyCount "129"]
[EventDate "2022.09.17"]
[EventType "team-tourn"]
[EventCountry "ESP"]
[SourceTitle "playchess.com"]
[Source "ChessBase"]
[SourceQuality "1"]
[TimeControl "5400+30"]

1. c4 c6 2. Nf3 d5 3. g3 g6 4. Qa4 e6 5. d4 Nd7 6. Qc2 Bg7 7. Bg2 Ne7 8. O-O O-O 9. Bf4 dxc4 10. Qxc4 Nd5 11. Bg5 f6 12. Bd2 f5 13. Nc3 N7f6 14. Rad1 Qb6 15. Bc1 a5 16. Rfe1 Qa6 17. Qa4 b5 18. Qc2 Bb7 19. Ng5 c5 20. dxc5 Rac8 21. Nxd5 exd5 22. Be3 h6 23. Nf3 Ne4 24. Nd2 b4 25. Nxe4 fxe4 26. Bh3 Rc7 27. Bf4 Rcf7 28. Bd6 Re8 29. e3 Bc6 30. Rd2 a4 31. Red1 Qb7 32. b3 Bc3 33. bxa4 Qa8 34. Qb3 Bxd2 35. Rxd2 Ra7 36. Qxb4 Rxa4 37. Qb2 Kf7 38. Bg4 Ra7 39. Bd1 Qb7 40. Bb3 Kg8 41. Rd4 Kh7 42. Qd2 Ra3 43. h4 Rxb3 44. axb3 Qxb3 45. Qa5 Qb1+ 46. Kh2 Qb7 47. Qb6 Qd7 48. Rd2 Ra8 49. Be5 g5 50. h5 Kg8 51. Qc7 Qxc7 52. Bxc7 Kf7 53. g4 Ke6 54. Rb2 Rf8 55. Bg3 Ra8 56. Rb6 Kd7 57. Be5 Ra2 58. Kg3 Rc2 59. Rb8 Rxc5 60. Rh8 Rc1 61. Rxh6 Bb5 62. Rg6 Rg1+ 63. Kh2 Rf1 64. Kg2 Be2 65. Rxg5 1-0

[Event "ESP-chT Honor Division 2022"]
[Site "Linares"]
[Date "2022.09.17"]
[Round "1.2"]
[White "Alekseenko, Kirill"]
[Black "Jones, Gawain C B"]
[Result "1-0"]
[ECO "C77"]
[WhiteElo "2707"]
[BlackElo "2623"]
[Annotator "ChessBase"]
[PlyCount "101"]
[EventDate "2022.09.17"]
[EventType "team-tourn"]
[EventCountry "ESP"]
[SourceTitle "playchess.com"]
[Source "ChessBase"]
[SourceQuality "1"]
[TimeControl "5400+30"]

1. e4 e5 2. Nf3 Nc6 3. Bb5 a6 4. Ba4 Nf6 5. d3 b5 6. Bb3 Bc5 7. Bg5 d6 8. c3 h6 9. Bh4 Bb6 10. a4 Rb8 11. axb5 axb5 12. Na3 Na5 13. Ba2 b4 14. cxb4 Nc6 15. Nc2 Bg4 16. Bd5 Bd7 17. Bc4 g5 18. Bg3 Qe7 19. O-O Kf8 20. Kh1 Bg4 21. Ne3 Bh5 22. Qa4 Bxf3 23. Qxc6 Bg4 24. Nxg4 Nxg4 25. Bb3 Bd4 26. b5 Kg7 27. Rac1 Rhc8 28. Bd1 Nf6 29. b4 Ra8 30. Bb3 Ra3 31. Qc2 Ng4 32. h3 Nf6 33. Bh2 Qd7 34. Bc4 Rca8 35. Qd2 R8a7 36. Qe2 R3a4 37. Rb1 Kf8 38. Bg1 d5 39. exd5 Nxd5 40. Bh2 Nc3 41. Qh5 Kg7 42. f4 exf4 43. Bxf4 f6 44. Rbe1 Ra8 45. Bg3 Rxb4 46. Be6 Qe8 47. Qf3 Qf8 48. Qc6 Re8 49. Bc4 Re2 50. Qd7+ Kh8 51. Qxd4 1-0

[Event "ESP-chT Honor Division 2022"]
[Site "Linares"]
[Date "2022.09.17"]
[Round "1.3"]
[White "Del Rio De Angelis, Salvador G."]
[Black "Korobov, Anton"]
[Result "1/2-1/2"]
[ECO "E44"]
[WhiteElo "2456"]
[BlackElo "2671"]
[Annotator "ChessBase"]
[PlyCount "82"]
[EventDate "2022.09.17"]
[EventType "team-tourn"]
[EventCountry "ESP"]
[SourceTitle "playchess.com"]
[Source "ChessBase"]
[SourceQuality "1"]
[TimeControl "5400+30"]

1. d4 Nf6 2. c4 e6 3. Nc3 Bb4 4. e3 b6 5. Nge2 Ne4 6. Bd2 Nxd2 7. Qxd2 O-O 8. a3 Be7 9. Nf4 c6 10. Bd3 Bb7 11. Qc2 h6 12. O-O d5 13. cxd5 cxd5 14. Qe2 Nd7 15. Rac1 a6 16. Bb1 Bd6 17. Qd3 Nf6 18. Nh5 g6 19. Nxf6+ Qxf6 20. Na4 Qd8 21. Qb3 Bc7 22. Bd3 Qd6 23. f4 Rfc8 24. Rc3 Bd8 25. Rfc1 Rxc3 26. Rxc3 Bc6 27. Rc1 Bd7 28. Nc3 b5 29. Ne2 Rb8 30. Qc2 Rc8 31. Qd2 Rb8 32. Qc2 g5 33. g3 b4 34. Qc5 Be7 35. Qxd6 Bxd6 36. Bxa6 bxa3 37. bxa3 Ra8 38. Bd3 Rxa3 39. Rc3 Rxc3 40. Nxc3 Bb4 41. Ne2 Kg7 1/2-1/2

[Event "ESP-chT Honor Division 2022"]
[Site "Linares"]
[Date "2022.09.17"]
[Round "1.4"]
[White "Alonso Rosell, Alvar"]
[Black "Suarez Garcia, Carlos"]
[Result "1/2-1/2"]
[ECO "E04"]
[WhiteElo "2564"]
[BlackElo "2455"]
[Annotator "ChessBase"]
[PlyCount "49"]
[EventDate "2022.09.17"]
[EventType "team-tourn"]
[EventCountry "ESP"]
[SourceTitle "playchess.com"]
[Source "ChessBase"]
[SourceQuality "1"]
[TimeControl "5400+30"]

1. d4 d5 2. c4 e6 3. Nf3 Nf6 4. g3 dxc4 5. Bg2 Bd7 6. Ne5 Bc6 7. Nxc6 Nxc6 8. O-O Qd7 9. e3 Rb8 10. Qe2 b5 11. b3 cxb3 12. axb3 Rb6 13. Bb2 a6 14. Rd1 Be7 15. e4 O-O 16. Nd2 Nb4 17. Nf3 Qc8 18. Rdc1 Re8 19. Bc3 Nc6 20. Rc2 Nb4 21. Rcc1 Nc6 22. Rc2 Nb4 23. Rcc1 Nc6 24. Rc2 Nb4 25. Rcc1 1/2-1/2

[Event "ESP-chT Honor Division 2022"]
[Site "Linares"]
[Date "2022.09.17"]
[Round "1.5"]
[White "Trigo Urquijo, Sergio"]
[Black "Henderson de La Fuente, Lance"]
[Result "1/2-1/2"]
[ECO "A05"]
[WhiteElo "2402"]
[BlackElo "2504"]
[Annotator "ChessBase"]
[PlyCount "60"]
[EventDate "2022.09.17"]
[EventType "team-tourn"]
[EventCountry "ESP"]
[SourceTitle "playchess.com"]
[Source "ChessBase"]
[SourceQuality "1"]
[TimeControl "5400+30"]

1. Nf3 Nf6 2. g3 b6 3. Bg2 Bb7 4. O-O g6 5. b3 Bg7 6. Bb2 O-O 7. c4 c5 8. Nc3 d6 9. Re1 Ne4 10. Qc2 Nxc3 11. Bxc3 Bxc3 12. Qxc3 Nd7 13. d4 cxd4 14. Qxd4 Qc7 15. Rac1 Nf6 16. e4 Rfd8 17. e5 dxe5 18. Qxe5 Qxe5 19. Rxe5 Kf8 20. Re2 Rac8 21. Ne5 Bxg2 22. Kxg2 Nd7 23. Rd1 Nxe5 24. Rxd8+ Rxd8 25. Rxe5 Rd2 26. a4 Rb2 27. Rb5 Ke8 28. c5 bxc5 29. Rxc5 Rxb3 30. Rc7 g5 1/2-1/2

[Event "ESP-chT Honor Division 2022"]
[Site "Linares"]
[Date "2022.09.17"]
[Round "1.6"]
[White "Cramling, Pia"]
[Black "Ambartsumova, Karina"]
[Result "1/2-1/2"]
[ECO "E04"]
[WhiteElo "2468"]
[BlackElo "2386"]
[Annotator "ChessBase"]
[PlyCount "83"]
[EventDate "2022.09.17"]
[EventType "team-tourn"]
[EventCountry "ESP"]
[SourceTitle "playchess.com"]
[Source "ChessBase"]
[SourceQuality "1"]
[TimeControl "5400+30"]

1. d4 Nf6 2. c4 e6 3. Nf3 d5 4. g3 dxc4 5. Bg2 Nc6 6. Qa4 Bb4+ 7. Bd2 Bd6 8. Na3 Bxa3 9. Qxa3 Ne4 10. Be3 Nd6 11. O-O O-O 12. Rfd1 f6 13. Rac1 Bd7 14. Bf4 Qe7 15. Bxd6 cxd6 16. Rxc4 Rfe8 17. Ne1 d5 18. Qxe7 Nxe7 19. Rcc1 Rac8 20. Nd3 Rxc1 21. Rxc1 Rc8 22. Rxc8+ Bxc8 23. h4 Kf7 24. Kf1 Nc6 25. e3 Ke7 26. Ke1 h6 27. Kd2 b6 28. Kc3 Ba6 29. Nb4 Nxb4 30. Kxb4 Kd6 31. f4 Be2 32. Kc3 Bb5 33. Bf3 Bf1 34. a3 Bb5 35. Kd2 Ba6 36. Bd1 Bb5 37. Bh5 Ba6 38. Kc3 Bb5 39. Kd2 Ba6 40. Kc3 Bb5 41. Kd2 Ba6 42. Kc3 1/2-1/2

[Event "ESP-chT Honor Division 2022"]
[Site "Linares"]
[Date "2022.09.17"]
[Round "1.7"]
[White "Harikrishna, Pentala"]
[Black "Ayats Llobera, Gerard"]
[Result "1-0"]
[ECO "B85"]
[WhiteElo "2716"]
[BlackElo "2451"]
[Annotator "ChessBase"]
[PlyCount "43"]
[EventDate "2022.09.17"]
[EventType "team-tourn"]
[EventCountry "ESP"]
[SourceTitle "playchess.com"]
[Source "ChessBase"]
[SourceQuality "1"]
[TimeControl "5400+30"]

1. e4 c5 2. Nf3 e6 3. d4 cxd4 4. Nxd4 a6 5. Be2 Nf6 6. Nc3 Qc7 7. O-O d6 8. f4 Nbd7 9. Bf3 e5 10. Nf5 g6 11. fxe5 dxe5 12. Nh6 Bg7 13. Bg5 Nb6 14. Be2 Qe7 15. Qe1 Be6 16. Kh1 Qf8 17. Qh4 Nh5 18. Nf5 Bxf5 19. exf5 Qc5 20. Ne4 Qc7 21. Bxh5 gxh5 22. Rad1 1-0

[Event "ESP-chT Honor Division 2022"]
[Site "Linares"]
[Date "2022.09.17"]
[Round "1.8"]
[White "Martinez Fernandez, Adrian"]
[Black "Gukesh D"]
[Result "0-1"]
[ECO "B31"]
[WhiteElo "2338"]
[BlackElo "2726"]
[Annotator "ChessBase"]
[PlyCount "78"]
[EventDate "2022.09.17"]
[EventType "team-tourn"]
[EventCountry "ESP"]
[SourceTitle "playchess.com"]
[Source "ChessBase"]
[SourceQuality "1"]
[TimeControl "5400+30"]

1. e4 c5 2. Nf3 Nc6 3. Bb5 g6 4. Bxc6 dxc6 5. d3 Qc7 6. O-O e5 7. a4 Nf6 8. Na3 Nh5 9. Nc4 f6 10. h3 Be6 11. Be3 Be7 12. Qe1 O-O 13. a5 Rfd8 14. Qc3 Bf7 15. Qa3 Rd4 16. b3 Rf8 17. Bh6 Rfd8 18. Nxd4 cxd4 19. Qc1 g5 20. h4 Nf4 21. Qd2 Kh8 22. g3 Rg8 23. gxf4 gxf4+ 24. Kh2 Rg6 25. Bg7+ Kxg7 26. Rg1 Kh8 27. Qe2 Rh6 28. Qg4 Bg6 29. Kg2 f5 30. exf5 Bh5 31. Qh3 Be2 32. f3 Rxh4 33. Rh1 Rxh3 34. Rxh3 e4 35. dxe4 Bc5 36. Rh4 d3 37. Rah1 dxc2 38. f6 Bxc4 39. bxc4 Be3 0-1

[Event "ESP-chT Honor Division 2022"]
[Site "Linares"]
[Date "2022.09.17"]
[Round "1.9"]
[White "Santos Ruiz, Miguel"]
[Black "Masague Artero, Guerau"]
[Result "1-0"]
[ECO "B34"]
[WhiteElo "2581"]
[BlackElo "2308"]
[Annotator "ChessBase"]
[PlyCount "99"]
[EventDate "2022.09.17"]
[EventType "team-tourn"]
[EventCountry "ESP"]
[SourceTitle "playchess.com"]
[Source "ChessBase"]
[SourceQuality "1"]
[TimeControl "5400+30"]

1. e4 c5 2. Nf3 Nc6 3. d4 cxd4 4. Nxd4 Nf6 5. Nc3 e5 6. Ndb5 d6 7. Nd5 Nxd5 8. exd5 Nb8 9. a4 Be7 10. Bd2 O-O 11. Be2 f5 12. a5 a6 13. Na3 f4 14. Nc4 Bf5 15. Bb4 Rf6 16. Bg4 Bxg4 17. Qxg4 Nd7 18. g3 Kh8 19. b3 Rc8 20. h4 Rg6 21. Qf3 Nf6 22. gxf4 e4 23. Qd1 Rg4 24. Qd2 e3 25. fxe3 Ne4 26. Qd4 Bxh4+ 27. Ke2 Qe8 28. Rxh4 Rxh4 29. Rg1 Qh5+ 30. Kd3 Nf6 31. Nxd6 Rh2 32. Bc5 Qe2+ 33. Kc3 Qxc2+ 34. Kb4 Rc7 35. Nc4 Qf5 36. d6 Rc8 37. Ne5 Qe6 38. e4 Re2 39. d7 Rd8 40. f5 Qg8 41. Rh1 h6 42. Rh4 Kh7 43. Be7 Rxe4 44. Rxe4 Nd5+ 45. Kc5 Nxe7 46. Qd6 Qf8 47. f6 gxf6 48. Nf7 Nc8 49. Qxf8 Rxf8 50. Re8 1-0

[Event "ESP-chT Honor Division 2022"]
[Site "Linares"]
[Date "2022.09.17"]
[Round "1.10"]
[White "Jimenez Ruano, Adrian"]
[Black "Muzychuk, Anna"]
[Result "0-1"]
[ECO "D84"]
[WhiteElo "2264"]
[BlackElo "2526"]
[Annotator "ChessBase"]
[PlyCount "44"]
[EventDate "2022.09.17"]
[EventType "team-tourn"]
[EventCountry "ESP"]
[SourceTitle "playchess.com"]
[Source "ChessBase"]
[SourceQuality "1"]
[TimeControl "5400+30"]

1. d4 Nf6 2. c4 g6 3. Nc3 d5 4. Bf4 Bg7 5. e3 O-O 6. cxd5 Nxd5 7. Nxd5 Qxd5 8. Bxc7 Nc6 9. Ne2 Bg4 10. f3 Bf5 11. Nc3 Qe6 12. Kf2 Nxd4 13. exd4 Rac8 14. d5 Qf6 15. d6 Qh4+ 16. g3 Bd4+ 17. Ke1 Qf6 18. dxe7 Rfe8 19. Bf4 Rxe7+ 20. Ne2 Qb6 21. Qb3 Bf2+ 22. Kd1 Rd7+ 0-1

[Event "ESP-chT Honor Division 2022"]
[Site "Linares"]
[Date "2022.09.17"]
[Round "1.11"]
[White "Korneev, Oleg"]
[Black "Rodriguez Redondo, Adhara"]
[Result "1/2-1/2"]
[ECO "C50"]
[WhiteElo "2460"]
[BlackElo "2112"]
[Annotator "ChessBase"]
[PlyCount "63"]
[EventDate "2022.09.17"]
[EventType "team-tourn"]
[EventCountry "ESP"]
[SourceTitle "playchess.com"]
[Source "ChessBase"]
[SourceQuality "1"]
[TimeControl "5400+30"]

1. e4 e5 2. Nf3 Nc6 3. Bc4 Bc5 4. O-O Nf6 5. d3 a6 6. c3 Ba7 7. Nbd2 d6 8. Bb3 O-O 9. h3 h6 10. Re1 Be6 11. Nf1 Re8 12. N3h2 d5 13. Qf3 dxe4 14. dxe4 Nh7 15. Ng4 Qh4 16. Ng3 Ng5 17. Bxg5 Qxg5 18. Rad1 Qf4 19. Qxf4 exf4 20. Nh5 Bxg4 21. hxg4 Ne5 22. Nxf4 Nxg4 23. Nh3 Rad8 24. g3 Ne5 25. Kg2 g5 26. f3 Kg7 27. Rxd8 Rxd8 28. Re2 Nd3 29. Bc4 Ne5 30. Bb3 Nd3 31. Bc4 Ne5 32. Bb3 1/2-1/2

[Event "ESP-chT Honor Division 2022"]
[Site "Linares"]
[Date "2022.09.17"]
[Round "1.12"]
[White "Cano Sevilla, Ivan"]
[Black "Tejedor Fuente, Enrique"]
[Result "0-1"]
[ECO "A45"]
[WhiteElo "2076"]
[BlackElo "2384"]
[Annotator "ChessBase"]
[PlyCount "90"]
[EventDate "2022.09.17"]
[EventType "team-tourn"]
[EventCountry "ESP"]
[SourceTitle "playchess.com"]
[Source "ChessBase"]
[SourceQuality "1"]
[TimeControl "5400+30"]

1. d4 Nf6 2. Bf4 d5 3. e3 c5 4. c3 Nc6 5. Nd2 Bf5 6. Qb3 Qc8 7. dxc5 e6 8. Ngf3 Nd7 9. Bd6 Nxc5 10. Bxc5 Bxc5 11. Nd4 Bg6 12. N2f3 Bd6 13. Be2 O-O 14. O-O Na5 15. Qa4 Nc4 16. Bxc4 dxc4 17. Rfe1 Bd3 18. e4 a6 19. e5 b5 20. Qd1 Be7 21. Qd2 Qb7 22. a3 h6 23. Qf4 a5 24. Qg4 Ra6 25. Nd2 Qd5 26. Qf3 Rd8 27. a4 Qxf3 28. N2xf3 bxa4 29. Rxa4 Rb8 30. Ra2 a4 31. Rea1 a3 32. bxa3 Rxa3 33. h3 Rxc3 34. Nc6 Rb7 35. Ra8+ Kh7 36. R8a7 Rxa7 37. Rxa7 Bc5 38. Rxf7 Rc1+ 39. Kh2 c3 40. Ncd4 c2 41. Nxe6 Bc4 42. Rxg7+ Kh8 43. Rc7 Rh1+ 44. Kxh1 c1=Q+ 45. Kh2 Bxe6 0-1

[Event "ESP-chT Honor Division 2022"]
[Site "Linares"]
[Date "2022.09.17"]
[Round "1.13"]
[White "Kryvoruchko, Yuriy"]
[Black "Cheparinov, Ivan"]
[Result "1/2-1/2"]
[ECO "C77"]
[WhiteElo "2669"]
[BlackElo "2686"]
[Annotator "ChessBase"]
[PlyCount "78"]
[EventDate "2022.09.17"]
[EventType "team-tourn"]
[EventCountry "ESP"]
[SourceTitle "playchess.com"]
[Source "ChessBase"]
[SourceQuality "1"]
[TimeControl "5400+30"]

1. e4 e5 2. Nf3 Nc6 3. Bb5 a6 4. Ba4 Nf6 5. d3 Bc5 6. c3 b5 7. Bb3 d5 8. exd5 Nxd5 9. O-O O-O 10. Re1 Bg4 11. h3 Bh5 12. Nbd2 f6 13. Ne4 Ba7 14. Be3 Na5 15. Bxa7 Nxb3 16. axb3 Rxa7 17. Ng3 Bxf3 18. Qxf3 c5 19. Rad1 Rd7 20. d4 cxd4 21. cxd4 Nf4 22. dxe5 Nd3 23. Qc6 fxe5 24. Ne4 Rd4 25. Rf1 Kh8 26. Rd2 Qa8 27. Qxa8 Rxa8 28. Ng5 Nc5 29. Rxd4 exd4 30. b4 Nb3 31. Rd1 Rc8 32. Ne6 Rc4 33. Nc5 Nxc5 34. bxc5 Kg8 35. b3 Rxc5 36. Rxd4 a5 37. Rd7 Rc3 38. Ra7 Rxb3 39. Rxa5 b4 1/2-1/2

[Event "ESP-chT Honor Division 2022"]
[Site "Linares"]
[Date "2022.09.17"]
[Round "1.14"]
[White "Santos Latasa, Jaime"]
[Black "Anton Guijarro, David"]
[Result "1/2-1/2"]
[ECO "D39"]
[WhiteElo "2680"]
[BlackElo "2662"]
[Annotator "ChessBase"]
[PlyCount "66"]
[EventDate "2022.09.17"]
[EventType "team-tourn"]
[EventCountry "ESP"]
[SourceTitle "playchess.com"]
[Source "ChessBase"]
[SourceQuality "1"]
[TimeControl "5400+30"]

1. d4 Nf6 2. c4 e6 3. Nf3 d5 4. Nc3 Bb4 5. Bg5 dxc4 6. e4 c5 7. Bxc4 cxd4 8. Nxd4 Qa5 9. Bd2 Qc5 10. Bb5+ Bd7 11. Nb3 Qc7 12. O-O O-O 13. Bd3 Rd8 14. Qe2 Nc6 15. Rac1 Qd6 16. Rfd1 Qb8 17. g3 h6 18. Bb1 Be8 19. a3 Bf8 20. Bf4 Rxd1+ 21. Rxd1 Ne5 22. Nd4 Nfd7 23. Be3 Nb6 24. Bf4 g5 25. Bc1 Ng6 26. Ba2 Qe5 27. Be3 Rd8 28. Kg2 Be7 29. h3 Kh7 30. Kh2 Nd7 31. Bb1 a6 32. Nf5 exf5 33. exf5 Nf6 1/2-1/2

[Event "ESP-chT Honor Division 2022"]
[Site "Linares"]
[Date "2022.09.17"]
[Round "1.15"]
[White "Kuzubov, Yuriy"]
[Black "Pichot, Alan"]
[Result "0-1"]
[ECO "D37"]
[WhiteElo "2627"]
[BlackElo "2641"]
[Annotator "ChessBase"]
[PlyCount "78"]
[EventDate "2022.09.17"]
[EventType "team-tourn"]
[EventCountry "ESP"]
[SourceTitle "playchess.com"]
[Source "ChessBase"]
[SourceQuality "1"]
[TimeControl "5400+30"]

1. d4 Nf6 2. c4 e6 3. Nf3 d5 4. Nc3 dxc4 5. e4 b5 6. e5 Nd5 7. Nxb5 Nb6 8. a3 Bb7 9. Be3 Qd7 10. Nc3 Nc6 11. Qc2 Ne7 12. Nd2 Nf5 13. Nxc4 Nxc4 14. Bxc4 Nxd4 15. Bxd4 Qxd4 16. Qa4+ c6 17. O-O Be7 18. Rfe1 O-O 19. Rad1 Qb6 20. Rd7 Rfe8 21. Bd3 Rad8 22. Bxh7+ Kf8 23. Rxd8 Rxd8 24. Qf4 Rd4 25. Qc1 g6 26. Bxg6 fxg6 27. Qh6+ Ke8 28. Ne2 Qa5 29. Rf1 Rd2 30. b4 Qd5 31. Nf4 Qe4 32. Nxg6 c5 33. Nf4 Rd4 34. Qh8+ Kd7 35. Qb8 cxb4 36. axb4 Qc6 37. b5 Qxb5 38. Ng6 Qxf1+ 39. Kxf1 Ba6+ 0-1

[Event "ESP-chT Honor Division 2022"]
[Site "Linares"]
[Date "2022.09.17"]
[Round "1.16"]
[White "Perez Candelario, Manuel"]
[Black "Forcen Esteban, Daniel"]
[Result "1/2-1/2"]
[ECO "C67"]
[WhiteElo "2566"]
[BlackElo "2580"]
[Annotator "ChessBase"]
[PlyCount "85"]
[EventDate "2022.09.17"]
[EventType "team-tourn"]
[EventCountry "ESP"]
[SourceTitle "playchess.com"]
[Source "ChessBase"]
[SourceQuality "1"]
[TimeControl "5400+30"]

1. e4 e5 2. Nf3 Nc6 3. Bb5 Nf6 4. O-O Nxe4 5. Re1 Nd6 6. Nxe5 Be7 7. Bf1 Nxe5 8. Rxe5 O-O 9. Nc3 Bf6 10. Re1 Re8 11. Nd5 Rxe1 12. Qxe1 b6 13. Nxf6+ Qxf6 14. d3 Bb7 15. Qe3 c5 16. Qf4 Qxf4 17. Bxf4 Nf5 18. Re1 Bd5 19. a3 f6 20. c3 Rc8 21. f3 Kf7 22. Kf2 a5 23. Be2 a4 24. g4 g5 25. Bd2 Nh4 26. c4 Bc6 27. Bc3 Ng6 28. d4 Nf4 29. Bf1 d6 30. Kg3 Re8 31. Rxe8 Bxe8 32. h4 h6 33. h5 Ne6 34. d5 Nf8 35. Bd3 Nd7 36. f4 gxf4+ 37. Kxf4 Ne5 38. Be2 Bd7 39. Kg3 Kg7 40. Kh4 Bc8 41. Bxe5 fxe5 42. g5 Bf5 43. g6 1/2-1/2

[Event "ESP-chT Honor Division 2022"]
[Site "Linares"]
[Date "2022.09.17"]
[Round "1.17"]
[White "Buksa, Nataliya"]
[Black "Stefanova, Antoaneta"]
[Result "1-0"]
[ECO "C50"]
[WhiteElo "2407"]
[BlackElo "2472"]
[Annotator "ChessBase"]
[PlyCount "101"]
[EventDate "2022.09.17"]
[EventType "team-tourn"]
[EventCountry "ESP"]
[SourceTitle "playchess.com"]
[Source "ChessBase"]
[SourceQuality "1"]
[TimeControl "5400+30"]

1. e4 e5 2. Nf3 Nc6 3. Bc4 Bc5 4. Nc3 a6 5. d3 d6 6. a3 h6 7. h3 Nge7 8. Be3 Ng6 9. b4 Bxe3 10. fxe3 Be6 11. Nd5 b5 12. Bb3 a5 13. a4 axb4 14. axb5 Na7 15. b6 cxb6 16. Nxb4 Bxb3 17. cxb3 Nb5 18. O-O O-O 19. Nd5 Rb8 20. Qe1 Nc7 21. Nb4 Qd7 22. Ra7 Ra8 23. Rb7 Rfb8 24. Rxb8+ Rxb8 25. Qc3 Ne7 26. Rc1 Nb5 27. Qa1 f5 28. Qa4 fxe4 29. dxe4 Rb7 30. Qa8+ Kh7 31. Nh4 Rc7 32. Rf1 Rc8 33. Qa4 Qe8 34. Nd5 Nxd5 35. exd5 Nc3 36. Qg4 Rc7 37. e4 b5 38. b4 Na2 39. Nf5 Rd7 40. Qe2 Nc3 41. Qd3 Rc7 42. Nxd6 Qg6 43. Nf5 Rc4 44. d6 Nxe4 45. d7 Qb6+ 46. Kh2 Qd8 47. Re1 Nf2 48. Qd5 Qg5 49. d8=Q Qxf5 50. Q8g8+ Kg6 51. Qde6+ 1-0

[Event "ESP-chT Honor Division 2022"]
[Site "Linares"]
[Date "2022.09.17"]
[Round "1.18"]
[White "Moreno Tejera, Emilio"]
[Black "Llorente Zaro, Alfonso"]
[Result "1/2-1/2"]
[ECO "C50"]
[WhiteElo "2411"]
[BlackElo "2448"]
[Annotator "ChessBase"]
[PlyCount "61"]
[EventDate "2022.09.17"]
[EventType "team-tourn"]
[EventCountry "ESP"]
[SourceTitle "playchess.com"]
[Source "ChessBase"]
[SourceQuality "1"]
[TimeControl "5400+30"]

1. e4 e5 2. Nf3 Nc6 3. Bc4 Bc5 4. O-O Nf6 5. d3 d6 6. c3 a6 7. Bb3 Ba7 8. Nbd2 h6 9. Re1 O-O 10. h3 Re8 11. Nf1 Be6 12. Bxe6 Rxe6 13. Be3 Bxe3 14. Nxe3 Ne7 15. Qb3 b6 16. Rad1 Qd7 17. Nh4 Rd8 18. Nhf5 d5 19. Nxe7+ Rxe7 20. exd5 Nxd5 21. Nxd5 Qxd5 22. Qxd5 Rxd5 23. f4 Kf8 24. fxe5 Rdxe5 25. Rxe5 Rxe5 26. Kf2 Rf5+ 27. Ke3 Re5+ 28. Kf3 Rf5+ 29. Ke3 Re5+ 30. Kf3 Rf5+ 31. Ke4 1/2-1/2

[Event "ESP-chT Honor Division 2022"]
[Site "Linares"]
[Date "2022.09.17"]
[Round "1.19"]
[White "Fedoseev, Vladimir"]
[Black "Van Foreest, Jorden"]
[Result "1/2-1/2"]
[ECO "E10"]
[WhiteElo "2685"]
[BlackElo "2691"]
[Annotator "ChessBase"]
[PlyCount "75"]
[EventDate "2022.09.17"]
[EventType "team-tourn"]
[EventCountry "ESP"]
[SourceTitle "playchess.com"]
[Source "ChessBase"]
[SourceQuality "1"]
[TimeControl "5400+30"]

1. d4 Nf6 2. c4 e6 3. Nf3 d5 4. e3 Be7 5. Nc3 O-O 6. a3 b6 7. cxd5 exd5 8. Be2 c5 9. b3 Nc6 10. O-O cxd4 11. Nxd4 Nxd4 12. Qxd4 Bc5 13. Qd3 a5 14. Rd1 Qe7 15. Bb2 Rd8 16. Bf3 Ba6 17. Qf5 Qe6 18. g4 g6 19. Qxe6 fxe6 20. g5 Ne8 21. Na4 Be7 22. Bg4 Kf7 23. Rac1 Bxg5 24. Rc6 Rd6 25. Rdc1 Bd8 26. Nxb6 Bxb6 27. Rxd6 Nxd6 28. Rc6 h5 29. Rxd6 hxg4 30. Rxb6 g5 31. a4 Bd3 32. Rb7+ Kg6 33. Kg2 Be4+ 34. Kf1 Rc8 35. Rg7+ Kh5 36. Be5 Bf3 37. Rc7 Rxc7 38. Bxc7 1/2-1/2

[Event "ESP-chT Honor Division 2022"]
[Site "Linares"]
[Date "2022.09.17"]
[Round "1.20"]
[White "Nihal Sarin"]
[Black "Tabatabaei, M. Amin"]
[Result "0-1"]
[ECO "E04"]
[WhiteElo "2677"]
[BlackElo "2651"]
[Annotator "ChessBase"]
[PlyCount "56"]
[EventDate "2022.09.17"]
[EventType "team-tourn"]
[EventCountry "ESP"]
[SourceTitle "playchess.com"]
[Source "ChessBase"]
[SourceQuality "1"]
[TimeControl "5400+30"]

1. d4 d5 2. c4 e6 3. Nf3 Nf6 4. g3 dxc4 5. Bg2 a6 6. O-O Nc6 7. Qd2 Bb4 8. Qc2 b5 9. Ne5 Nxe5 10. dxe5 Nd5 11. Rd1 Bd7 12. Nc3 Bxc3 13. bxc3 O-O 14. Rd4 Qe7 15. Rh4 h6 16. e4 Nb6 17. Qe2 f5 18. exf5 exf5 19. Bxh6 gxh6 20. Rxh6 Qg7 21. Qh5 Be8 22. Qh4 Rb8 23. Rd1 Qxe5 24. Bc6 Rf7 25. Bxe8 Rxe8 26. Rd8 Rxd8 27. Rg6+ Rg7 28. Qxd8+ Kh7 0-1

[Event "ESP-chT Honor Division 2022"]
[Site "Linares"]
[Date "2022.09.17"]
[Round "1.21"]
[White "Iturrizaga Bonelli, Eduardo"]
[Black "Hakobyan, Aram"]
[Result "1/2-1/2"]
[ECO "E06"]
[WhiteElo "2630"]
[BlackElo "2611"]
[Annotator "ChessBase"]
[PlyCount "139"]
[EventDate "2022.09.17"]
[EventType "team-tourn"]
[EventCountry "ESP"]
[SourceTitle "playchess.com"]
[Source "ChessBase"]
[SourceQuality "1"]
[TimeControl "5400+30"]

1. d4 Nf6 2. c4 e6 3. g3 d5 4. Bg2 Be7 5. Nf3 O-O 6. O-O dxc4 7. Qa4 a6 8. Qxc4 b5 9. Qc2 Bb7 10. Bd2 Be4 11. Qc1 c6 12. a4 Nbd7 13. Nc3 Bg6 14. Nh4 Rc8 15. axb5 axb5 16. Nxg6 hxg6 17. Rd1 b4 18. Na4 c5 19. Qc4 cxd4 20. Qxd4 Qa5 21. Be1 Qb5 22. Qa7 Rfd8 23. e3 Nd5 24. Bf1 Qc6 25. Qa6 Qc7 26. Qe2 g5 27. Bd2 Ne5 28. h3 Qc2 29. Be1 Qb3 30. Rd2 Ra8 31. Qd1 Qxd1 32. Rdxd1 Nf3+ 33. Kh1 Nxe3 34. Rxd8+ Bxd8 35. fxe3 Nxe1 36. Rxe1 Rxa4 37. Bc4 Bf6 38. Re2 g4 39. hxg4 b3 40. Bxb3 Rxg4 41. Kg2 Rb4 42. Bd1 Bxb2 43. Rc2 Be5 44. Rc5 Bd6 45. Rc6 Rb2+ 46. Bc2 Kf8 47. Kf3 Ke7 48. g4 Rb4 49. Bd3 g5 50. Rc4 Rb3 51. Bc2 Ra3 52. Ke2 Ra2 53. Kf3 Bb8 54. Rc3 Kd6 55. Rd3+ Ke5 56. Rc3 Ba7 57. Bb1 Rb2 58. Bc2 f5 59. gxf5 exf5 60. Rc8 g4+ 61. Kg3 Bb8 62. Rc5+ Ke6+ 63. Kh4 Be5 64. Rc6+ Kd5 65. Rc8 Bd6 66. Bxf5 g3 67. Rc1 g2 68. Kh3 Bc5 69. Rg1 Bxe3 70. Rxg2 1/2-1/2

[Event "ESP-chT Honor Division 2022"]
[Site "Linares"]
[Date "2022.09.17"]
[Round "1.22"]
[White "Arizmendi Martinez, Julen Luis"]
[Black "Yuffa, Daniil"]
[Result "1/2-1/2"]
[ECO "E54"]
[WhiteElo "2488"]
[BlackElo "2600"]
[Annotator "ChessBase"]
[PlyCount "74"]
[EventDate "2022.09.17"]
[EventType "team-tourn"]
[EventCountry "ESP"]
[SourceTitle "playchess.com"]
[Source "ChessBase"]
[SourceQuality "1"]
[TimeControl "5400+30"]

1. d4 Nf6 2. c4 e6 3. Nc3 Bb4 4. e3 O-O 5. Bd3 d5 6. Nf3 dxc4 7. Bxc4 c5 8. O-O cxd4 9. exd4 b6 10. Re1 Bb7 11. Bd3 Nbd7 12. Bg5 h6 13. Bh4 Re8 14. Rc1 a6 15. Ne5 Be7 16. a4 Rc8 17. Qe2 Nxe5 18. dxe5 Nd5 19. Bxe7 Nxc3 20. Rxc3 Qd5 21. Be4 Qxe4 22. Qxe4 Bxe4 23. Rxe4 Rxc3 24. bxc3 Rxe7 25. Rb4 Rb7 26. Kf1 a5 27. Rc4 g5 28. Ke2 b5 29. Rc5 bxa4 30. Rxa5 Rb2+ 31. Ke3 Ra2 32. c4 Kg7 33. c5 Kg6 34. Kd3 Ra1 35. Kd2 Ra2+ 36. Kd3 Ra1 37. Kd2 Ra2+ 1/2-1/2